 Dungeon Crawl Stone Soup version 0.26.0-10-g1f06aea511 (webtiles) character file.

Game seed: 7521877312812210144

7 inc the Vexing (level 1, -1/7 HPs)
             Began as a Felid Enchanter on Jan 29, 2021.
             Slain by a hobgoblin (3 damage)
             ... on level 1 of the Dungeon.
             The game lasted 00:00:34 (145 turns).

inc the Vexing (Felid Enchanter)                     Turns: 145, Time: 00:00:34

Health: -1/7       AC:  1    Str:  4    XL:     1   Next: 91%
Magic:  4/4        EV: 18    Int: 16    God:
Gold:   5          SH:  0    Dex: 16    Spells: 3/4 levels left
                                        Lives:  0   Deaths: 0

rFire    . . .     SeeInvis +     - Unarmed
rCold    . . .     Faith    .   (shield unavailable)
rNeg     . . .     Spirit   .   (armour unavailable)
rPois    .         Reflect  .   (helmet unavailable)
rElec    .         Harm     .   (cloak unavailable)
rCorr    .         Rampage  .   (gloves unavailable)
Will     .....                  (boots unavailable)
Stlth    +++.......             (no amulet)
HPRegen  0.02/turn              (no ring)
MPRegen  0.09/turn              (no ring)

@: quick
A: very small, no armour, no weapons or thrown items, stealth, claws 1, fangs 3,
see invisible, speed 1, shaggy fur 1, sharp paws
a: no special abilities


You were on level 1 of the Dungeon.
You visited 1 branch of the dungeon, and saw 1 of its levels.

You collected 5 gold pieces.

Inventory:

Scrolls
 a - a scroll of fear {unknown}


   Skills:
 - Level 2.6 Dodging
 - Level 4.0 Stealth
 + Level 2.0 Unarmed Combat
 - Level 2.0 Spellcasting
 - Level 4.4 Hexes


You had 3 spell levels left.
You knew the following spells:

 Your Spells              Type           Power        Failure   Level
a - Corona                Hex            16%          3%          1

Your spell library contained the following spells:

 Spells                   Type           Power        Failure   Level
 Confusing Touch          Hex            15%          11%         3
 Tukima's Dance           Hex            15%          11%         3
 Ensorcelled Hibernation  Hex/Ice        16%          13%         2
 Dazzling Flash           Conj/Hex       16%          26%         3


Dungeon Overview and Level Annotations

Branches:
Dungeon (1/15)

Altars:


Innate Abilities, Weirdness & Mutations

You cannot wear armour.
You are incapable of wielding weapons or throwing items.
Your paws allow you to move quietly. (Stealth)
You have sharp claws.
You have razor-sharp teeth.
You have supernaturally acute eyesight. (SInv)
You cover ground quickly.
You are covered in fur. (AC +1)
Your sharp claws are effective at attacking unaware monsters.


Message History

You barely miss the goblin. The hobgoblin completely misses you.
The goblin misses you.
You closely miss the goblin. You bite the goblin.
The goblin is moderately wounded.
The hobgoblin completely misses you. The goblin closely misses you.
You scratch the goblin.
You kill the goblin!
The hobgoblin misses you.
Your Unarmed Combat skill increases to level 2!
You scratch the hobgoblin but do no damage.
The hobgoblin is severely wounded.
The hobgoblin hits you.
Ouch! That really hurt!
* * * LOW HITPOINT WARNING * * *
The hobgoblin misses you.
Casting: Corona (safe; 3% risk of failure)
Confirm with . or Enter, or press ? or * to list all spells.
You don't know that spell.
The hobgoblin hits you.
You die...

#. #. ##.## #. .... .. . #####
#..### . .. ....### #..#.##.
.# ##....# #....#g###.#
..[...# #.#......(##. ......#
##+####@#[#........ ##..8.#
#.....gg#....#.# h#....#
#.......###..#.# ##..8.#
#.........#....# ......#
#............#.# ..8.###
#...#....###.#.### .####
#...#.#..###.....#
############ #......#.#...#
........########.##.#.....####


You could see 2 hobgoblins.

Vanquished Creatures
  A dart slug (D:1)
  A bat (D:1)
  A goblin (D:1)
  A hobgoblin (D:1)
  A kobold (D:1)
5 creatures vanquished.

Notes
Turn   | Place    | Note
-------+----------+-------------------------------------------
     0 | D:1      | inc the Felid Enchanter began the quest for the Orb.
     0 | D:1      | Reached XP level 1. HP: 7/7 MP: 4/4
     6 | D:1      | Noticed a black mamba
     6 | D:1      | Noticed a swamp worm
     6 | D:1      | Noticed a hog
     6 | D:1      | Noticed a four-headed hydra
     6 | D:1      | Noticed a black bear
   145 | D:1      | Slain by a hobgoblin

Illustrated notes

Levels and vault maps discovered:
D:1:      onia_arrival_zoo_common, layout_basic

Skill      XL: |  1 |
---------------+----+-----
Unarmed Combat | 2 |  2.0
Dodging        | |  2.6
Stealth        | |  4.0
Spellcasting   | |  2.0
Hexes          | |  4.4

Action                   || total
-------------------------++-------
Melee: Unarmed           ||    24
       Bite              ||     2
 Cast: Corona            ||     2
 Stab: Sleeping          ||     1
Armor: Skin              ||     3
Dodge: Dodged            ||    33
